Selects Airborne Battlegroup
Selects Airborne Battlegroup
Selects Paratrooper Squad Paradrop
Paratrooper Squad Paradrop
Construct Medical Station
Selects Anti-tank Gun Team Paradrop
Anti-tank Gun Team Paradrop
M4(105) Sherman Bulldozer
Selects Dual P-47 Rocket Strike
Paratrooper Squad Paradrop
Anti-tank Gun Team Paradrop
M4(105) Sherman Bulldozer
Construct Weapon Support Center
M3 Armored Personnel Carrier
M18 Hellcat Tank Destroyer
M4(105) Sherman Bulldozer